Map: King's Cove LE

Players

llllllllllll - Winner!

  • Race: Terran Terran
  • League: Diamond
  • Spawn Location: 5:00

천둥이

  • Race: Protoss Protoss
  • League: Diamond
  • Spawn Location: 11:00

VOD

Have the link to the VOD?

Description

Time

  • Played on: April 25, 2025, 10:14 a.m.
  • Length: 3:54
Show
View Real Time Build Order
Export as new Build Order

llllllllllll Terran - Winner!

Build Orders:  

Get SALT Encoding   

  12  0:00  SCV  
  13  0:12  SCV  
  14  0:20  Supply Depot  
  14  0:24  SCV  
  15  0:30  Refinery  
  15  0:41  SCV  
  16  0:51  Barracks  
  16  1:04  Barracks  
  16  1:19  Barracks  
  16  1:35  Refinery  
  16  1:38  Reaper  
  17  1:51  Reaper  
  18  1:58  Orbital Command  
  18  2:08  Reaper  
  19  2:10  Reaper  
  20  2:23  Reaper  
  20  2:24  SCV  
  22  2:40  Reaper  
  22  2:42  Reaper  
  22  2:43  SCV  
  25  2:55  Reaper  
  26  3:00  SCV  
  27  3:12  SCV, Reaper  
  29  3:14  Reaper  
  30  3:25  Supply Depot  
Show
View Real Time Build Order
Export as new Build Order

천둥이 Protoss 

Build Orders: 1 Gate Expand 

Get SALT Encoding   

  12  0:00  Probe  
  13  0:12  Probe  
  14  0:19  Pylon  
  14  0:24  Probe  
  15  0:33  Probe  
  15  0:40  Gateway  
  15  0:41  Probe  
  16  0:48  Assimilator  
  17  0:51  Probe  
  18  1:03  Probe  
  19  1:15  Probe  
  21  1:32  Probe  
  21  1:36  Cybernetics Core  
  21  1:39  Nexus  
  21  1:47  Pylon  
  21  1:48  Probe  
  21  1:53  Assimilator  
  22  2:00  Stalker, Probe  
  23  2:12  Probe  
  25  2:27  Shield Battery  
  24  2:43  Pylon  
  24  2:45  Stalker  
  24  2:46  Robotics Facility  
  20  3:23  Shield Battery  
  17  3:47  Shield Battery  
Tags
 
Add a new tag
Caveats
  • Supply blocks, unpowered buildings, or Contaminate may cause inaccurate times.
  • Supply counts are checked every 10 seconds.